NCAA
COLORADO BUFFALOES @ ARIZONA STATE SUN DEVILS
05/06/2024
 
TOP OF THE 1ST
Colorado Buffaloes batting - Pitching for Arizona State Sun Devils : RHP Germán García
Pitching: RHP Germán García
Batting: RHB Rob Groves 0-0: Ball
1-0: Called Strike
1-1: Foul Ball, location: 2F
1-2: Ball
2-2: SOLO HOME RUN (Flyball, 7D), Distance : 362 ft
Batting: RHB Jay Black 0-0: Ball
1-0: Foul Ball, location: 2F
1-1: Ball
2-1: Ball
3-1: Foul Ball, location: 2F
3-2: Foul Ball, location: 2F
3-2: Strikes out swinging
Batting: LHB Miguel Sánchez 0-0: Ball
1-0: Swinging Strike
1-1: Ball
2-1: Ball
3-1: Base on Balls
Batting: RHB Ed Moore 0-0: Ball
1-0: Ball
2-0: SINGLE (Groundball, 4MD)
Miguel Sánchez to second
Runner from 2nd tries for 3rd, SAFE, no throw or cutoff
Batting: RHB Pedro Romero 0-0: Ball
1-0: Called Strike
1-1: Called Strike
1-2: Grounds into double play, 6-4-3 (Groundball, 6)
Top of the 1st over - 1 run(s), 2 hit(s), 0 error(s), 1 left on base; Colorado 1 - Arizona State 0
BOTTOM OF THE 1ST
Arizona State Sun Devils batting - Pitching for Colorado Buffaloes : RHP Edgar Villa
Pitching: RHP Edgar Villa
Batting: RHB Edison Olson 0-0: Called Strike
0-1: Ball
1-1: Ball
2-1: Foul Ball, location: 2F
2-2: Ball
3-2: Ground out 6-3 (Groundball, 56)
Batting: RHB Michael Fisher 0-0: Ball
1-0: Called Strike
1-1: Swinging Strike
1-2: Fly out, F5 (Line Drive, 5)
Batting: RHB Jeffrey Hicks 0-0: Ball
1-0: Ball
2-0: Foul Ball, location: 2F
2-1: Called Strike
2-2: Ball
3-2: Foul Ball, location: 2F
3-2: Strikes out swinging
Bottom of the 1st over - 0 run(s), 0 hit(s), 0 error(s), 0 left on base; Colorado 1 - Arizona State 0
TOP OF THE 2ND
Colorado Buffaloes batting - Pitching for Arizona State Sun Devils : RHP Germán García
Batting: LHB Craig Kenney 0-0: SINGLE (Line Drive, 78S)
Batting: RHB Ramón Chávez 0-0: Called Strike
0-1: Ball
1-1: Ball
2-1: Foul Ball, location: 2F
2-2: Ball
3-2: DOUBLE (Flyball, 78M)
Craig Kenney to third
Craig Kenney scores
Batting: RHB Desi Parkinson 0-0: Called Strike
0-1: Ball
1-1: DOUBLE (Line Drive, 89S)
Ramón Chávez scores
Batting: RHB Gerald Mullen 0-0: Called Strike
0-1: Fly out, F5 (Line Drive, 56)
Batting: RHB Rob Groves 0-0: Fly out, F7 (Line Drive, 7M)
Batting: RHB Jay Black 0-0: Ground out 4-3 (Groundball, 4)
Top of the 2nd over - 2 run(s), 3 hit(s), 0 error(s), 1 left on base; Colorado 3 - Arizona State 0
BOTTOM OF THE 2ND
Arizona State Sun Devils batting - Pitching for Colorado Buffaloes : RHP Edgar Villa
Batting: LHB Derrick Simpson 0-0: Foul Ball, location: 2F
0-1: Ball
1-1: Swinging Strike
1-2: Foul Ball, location: 2F
1-2: Ball
2-2: Ground out U3 (Groundball, 3S)
Batting: RHB Jed Anderson 0-0: Ball
1-0: Swinging Strike
1-1: Foul Ball, location: 2F
1-2: Ground out 6-3 (Groundball, 6M)
Batting: LHB Enrique Cruz 0-0: Ball
1-0: Ball
2-0: Called Strike
2-1: Foul Ball, location: 2F
2-2: Ball
3-2: Foul Ball, location: 2F
3-2: Base on Balls
Batting: LHB Brendon Adams 0-0: Swinging Strike
0-1: Foul Ball, location: 2F
0-2: Ball
1-2: Foul Ball, location: 2F
1-2: Foul Ball, location: 2F
1-2: Strikes out swinging
Bottom of the 2nd over - 0 run(s), 0 hit(s), 0 error(s), 1 left on base; Colorado 3 - Arizona State 0
TOP OF THE 3RD
Colorado Buffaloes batting - Pitching for Arizona State Sun Devils : RHP Germán García
Batting: LHB Miguel Sánchez 0-0: Called Strike
0-1: Ground out 4-3 (Groundball, 4)
Batting: RHB Ed Moore 0-0: Ball
1-0: Ball
2-0: Ball
3-0: Called Strike
3-1: Called Strike
3-2: Strikes out looking
Batting: RHB Pedro Romero 0-0: Called Strike
0-1: Ball
1-1: Ground out 6-3 (Groundball, 6)
Top of the 3rd over - 0 run(s), 0 hit(s), 0 error(s), 0 left on base; Colorado 3 - Arizona State 0
BOTTOM OF THE 3RD
Arizona State Sun Devils batting - Pitching for Colorado Buffaloes : RHP Edgar Villa
Batting: RHB Walter Brown 0-0: Ground out 4-3 (Groundball, 34)
Batting: RHB Geoff Jackson 0-0: Ball
1-0: Called Strike
1-1: Ball
2-1: Called Strike
2-2: Strikes out swinging
Batting: RHB Edison Olson 0-0: Ball
1-0: Ball
2-0: Foul Ball, location: 2F
2-1: Ball
3-1: Swinging Strike
3-2: Strikes out swinging
Bottom of the 3rd over - 0 run(s), 0 hit(s), 0 error(s), 0 left on base; Colorado 3 - Arizona State 0
TOP OF THE 4TH
Colorado Buffaloes batting - Pitching for Arizona State Sun Devils : RHP Germán García
Batting: LHB Craig Kenney 0-0: SINGLE (Groundball, 34S)
Batting: RHB Ramón Chávez 0-0: Ball
1-0: Foul Ball, location: 2F
1-1: Ball
2-1: DOUBLE (Line Drive, 89M)
Craig Kenney to third
Batting: RHB Desi Parkinson 0-0: Ball
1-0: Foul Ball, location: 2F
1-1: Ball
2-1: Foul Ball, location: 2F
2-2: SINGLE (Flyball, 8RS)
Craig Kenney scores
Ramón Chávez to third
Runner from 3rd tries for Home, SAFE, throw made home
Batting: RHB Gerald Mullen 0-0: Called Strike
0-1: Ball
1-1: Ball
2-1: Ball
3-1: Base on Balls
Desi Parkinson to second
Batting: RHB Rob Groves 0-0: Called Strike
0-1: Foul Ball, location: 2F
0-2: Ball
1-2: Strikes out swinging
Batting: RHB Jay Black 0-0: Called Strike
0-1: Called Strike
0-2: Ball
1-2: Fielders Choice at 2nd, 1-6 (Groundball, 13S)
Desi Parkinson to third
Batting: LHB Miguel Sánchez 0-0: Called Strike
0-1: Ground out 6-3 (Groundball, 6)
Top of the 4th over - 2 run(s), 3 hit(s), 0 error(s), 2 left on base; Colorado 5 - Arizona State 0
BOTTOM OF THE 4TH
Arizona State Sun Devils batting - Pitching for Colorado Buffaloes : RHP Edgar Villa
Batting: RHB Michael Fisher 0-0: Ball
1-0: Swinging Strike
1-1: Called Strike
1-2: Ball
2-2: Foul Ball, location: 2F
2-2: Strikes out swinging
Batting: RHB Jeffrey Hicks 0-0: Called Strike
0-1: Foul Ball, location: 2F
0-2: Ball
1-2: Foul Ball, location: 2F
1-2: Strikes out looking
Batting: LHB Derrick Simpson 0-0: Called Strike
0-1: Fly out, F8 (Flyball, 8RM)
Bottom of the 4th over - 0 run(s), 0 hit(s), 0 error(s), 0 left on base; Colorado 5 - Arizona State 0
TOP OF THE 5TH
Colorado Buffaloes batting - Pitching for Arizona State Sun Devils : RHP Germán García
Batting: RHB Ed Moore 0-0: Fly out, F3 (Popup, 3DF)
Batting: RHB Pedro Romero 0-0: Called Strike
0-1: Ball
1-1: SINGLE (Groundball, 6MD)
Batting: LHB Craig Kenney 0-0: Called Strike
0-1: Foul Ball, location: 2F
0-2: Foul Ball, location: 2F
0-2: Strikes out swinging
Pitching: RHP Kevin Warren
Batting: RHB Ramón Chávez 0-0: Ball
1-0: Called Strike
Pedro Romero is caught stealing 2nd base
Top of the 5th over - 0 run(s), 1 hit(s), 0 error(s), 0 left on base; Colorado 5 - Arizona State 0
BOTTOM OF THE 5TH
Arizona State Sun Devils batting - Pitching for Colorado Buffaloes : RHP Edgar Villa
Batting: RHB Jed Anderson 0-0: Called Strike
0-1: Called Strike
0-2: Strikes out swinging
Batting: LHB Enrique Cruz 0-0: Called Strike
0-1: Foul Ball, location: 2F
0-2: Ball
1-2: Ball
2-2: Strikes out swinging
Batting: LHB Brendon Adams 0-0: Ball
1-0: Fly out, F2 (Popup, 2RF)
Bottom of the 5th over - 0 run(s), 0 hit(s), 0 error(s), 0 left on base; Colorado 5 - Arizona State 0
TOP OF THE 6TH
Colorado Buffaloes batting - Pitching for Arizona State Sun Devils : RHP Kevin Warren
Batting: RHB Ramón Chávez 0-0: Ball
1-0: Called Strike
1-1: Ground out 5-3 (Groundball, 5)
Batting: RHB Desi Parkinson 0-0: Ball
1-0: Foul Ball, location: 2F
1-1: Swinging Strike
1-2: Foul Ball, location: 2F
1-2: Strikes out swinging
Batting: RHB Gerald Mullen 0-0: Bunt for hit - play at first, batter safe!
Batting: RHB Rob Groves 0-0: Ball
1-0: SINGLE (Groundball, 56)
Gerald Mullen to second
Batting: RHB Jay Black 0-0: 3-RUN HOME RUN (Flyball, 7D), Distance : 366 ft
Batting: LHB Miguel Sánchez 0-0: Ball
1-0: Ball
2-0: Fly out, F8 (Flyball, 89M)
Top of the 6th over - 3 run(s), 3 hit(s), 0 error(s), 0 left on base; Colorado 8 - Arizona State 0
BOTTOM OF THE 6TH
Arizona State Sun Devils batting - Pitching for Colorado Buffaloes : RHP Edgar Villa
Batting: RHB Walter Brown 0-0: Ball
1-0: Fly out, F2 (Popup, 2LF)
Batting: RHB Geoff Jackson 0-0: Swinging Strike
0-1: Foul Ball, location: 2F
0-2: Foul Ball, location: 2F
0-2: Ball
1-2: Strikes out swinging
Batting: RHB Edison Olson 0-0: Ball
1-0: Ground out 6-3 (Groundball, 6M)
Bottom of the 6th over - 0 run(s), 0 hit(s), 0 error(s), 0 left on base; Colorado 8 - Arizona State 0
TOP OF THE 7TH
Colorado Buffaloes batting - Pitching for Arizona State Sun Devils : RHP Kevin Warren
Pitching: RHP Carlos Romero
Batting: RHB Ed Moore 0-0: Fly out, F9 (Flyball, 89XD)
Batting: RHB Pedro Romero 0-0: Called Strike
0-1: Called Strike
0-2: Foul Ball, location: 2F
0-2: Ball
1-2: Ball
2-2: Strikes out swinging
Batting: LHB Craig Kenney 0-0: Swinging Strike
0-1: Called Strike
0-2: Ball
1-2: Strikes out looking
Top of the 7th over - 0 run(s), 0 hit(s), 0 error(s), 0 left on base; Colorado 8 - Arizona State 0
BOTTOM OF THE 7TH
Arizona State Sun Devils batting - Pitching for Colorado Buffaloes : RHP Edgar Villa
Batting: RHB Michael Fisher 0-0: Called Strike
0-1: Fly out, F1 (Line Drive, 15)
Batting: RHB Jeffrey Hicks 0-0: Called Strike
0-1: Ball
1-1: Swinging Strike
1-2: Strikes out swinging
Batting: LHB Derrick Simpson 0-0: Called Strike
0-1: Called Strike
0-2: Ball
1-2: Ball
2-2: Strikes out swinging
Bottom of the 7th over - 0 run(s), 0 hit(s), 0 error(s), 0 left on base; Colorado 8 - Arizona State 0
TOP OF THE 8TH
Colorado Buffaloes batting - Pitching for Arizona State Sun Devils : RHP Carlos Romero
Batting: RHB Ramón Chávez 0-0: Ball
1-0: Called Strike
1-1: Foul Ball, location: 2F
1-2: Ball
2-2: Foul Ball, location: 2F
2-2: Ball
3-2: Foul Ball, location: 2F
3-2: Fly out, F7 (Flyball, 7LM)
Batting: RHB Desi Parkinson 0-0: Swinging Strike
0-1: Ball
1-1: Swinging Strike
1-2: Foul Ball, location: 2F
1-2: Ball
2-2: Fly out, F7 (Flyball, 7LS)
Batting: RHB Gerald Mullen 0-0: Swinging Strike
0-1: Called Strike
0-2: Ball
1-2: Ball
2-2: Ball
3-2: Base on Balls
Batting: RHB Rob Groves 0-0: Foul Ball, location: 2F
0-1: Ball
1-1: Ball
2-1: Ball
3-1: Fly out, F8 (Flyball, 8LM)
Top of the 8th over - 0 run(s), 0 hit(s), 0 error(s), 1 left on base; Colorado 8 - Arizona State 0
BOTTOM OF THE 8TH
Arizona State Sun Devils batting - Pitching for Colorado Buffaloes : RHP Edgar Villa
Batting: RHB Jed Anderson 0-0: Ball
1-0: Called Strike
1-1: Ball
2-1: Ball
3-1: Base on Balls
Batting: LHB Enrique Cruz 0-0: Grounds into double play, 6-4-3 (Groundball, 6)
Batting: LHB Brendon Adams 0-0: Ball
1-0: Ball
2-0: Called Strike
2-1: Foul Ball, location: 2F
2-2: Fly out, F9 (Flyball, 89M)
Bottom of the 8th over - 0 run(s), 0 hit(s), 0 error(s), 0 left on base; Colorado 8 - Arizona State 0
TOP OF THE 9TH
Colorado Buffaloes batting - Pitching for Arizona State Sun Devils : RHP Carlos Romero
Batting: RHB Jay Black 0-0: Fly out, F8 (Flyball, 8RM)
Batting: LHB Miguel Sánchez 0-0: Ball
1-0: Called Strike
1-1: Ground out 4-3 (Groundball, 4)
Batting: RHB Ed Moore 0-0: Ball
1-0: Foul Ball, location: 2F
1-1: SOLO HOME RUN (Line Drive, 7LD), Distance : 326 ft
Batting: RHB Pedro Romero 0-0: Ball
1-0: Called Strike
1-1: Ball
2-1: Foul Ball, location: 2F
2-2: Strikes out swinging
Top of the 9th over - 1 run(s), 1 hit(s), 0 error(s), 0 left on base; Colorado 9 - Arizona State 0
BOTTOM OF THE 9TH
Arizona State Sun Devils batting - Pitching for Colorado Buffaloes : RHP Edgar Villa
Now at C: Henry Barker
Batting: RHB Walter Brown 0-0: Ball
1-0: Swinging Strike
1-1: Ball
2-1: Foul Ball, location: 2F
2-2: Ball
3-2: Strikes out swinging
Batting: RHB Geoff Jackson 0-0: Ball
1-0: Ball
2-0: Foul Ball, location: 2F
2-1: Foul Ball, location: 2F
2-2: Ball
3-2: Base on Balls
Batting: RHB Edison Olson 0-0: Called Strike
0-1: Foul Ball, location: 2F
0-2: Ball
1-2: Foul Ball, location: 2F
1-2: Ball
2-2: Fly out, F9 (Popup, 34D)
Batting: RHB Michael Fisher 0-0: Ball
1-0: Called Strike
1-1: Ball
2-1: Foul Ball, location: 2F
2-2: Ball
3-2: 2-RUN HOME RUN (Flyball, 7D), Distance : 353 ft
Batting: RHB Jeffrey Hicks 0-0: Foul Ball, location: 2F
0-1: Swinging Strike
0-2: SINGLE (Line Drive, 56D)
Pitching: RHP James Bowen
Batting: LHB Derrick Simpson 0-0: Called Strike
0-1: Fielders Choice at 2nd, U6 (Groundball, 6M)
Bottom of the 9th over - 2 run(s), 2 hit(s), 0 error(s), 1 left on base; Colorado 9 - Arizona State 2
This league is powered by Out of the Park Baseball, the baseball management simulation game for PC, Mac and Linux
Saturday, April 9th, 2016 - OOTP Baseball 16.8 Build 38